Map: Moonlight Madness LE (Void)

Players

CaptRaynor

  • Race: Protoss Protoss
  • League: Grandmaster

HeadBeagle - Winner!

  • Race: Terran Terran
  • League: Bronze

VOD

Have the link to the VOD?

Description

Time

  • Played on: July 18, 2015, 12:59 a.m.
  • Length: 11:34
Show
View Real Time Build Order
Export as new Build Order

CaptRaynor Protoss 

Build Orders:  

Get SALT Encoding   

  12  0:04  Probe  
  13  0:16  Probe  
  14  0:22  Pylon  
  14  0:34  Assimilator  
  14  0:43  Probe (Chrono Boost)  
  15  0:53  Probe (Chrono Boost)  
  16  1:00  Probe  
  17  1:12  Probe  
  18  1:19  Nexus  
  18  1:30  Gateway  
  19  1:47  Probe  
  19  1:53  Pylon  
  19  1:59  Probe (Chrono Boost)  
  19  2:00  Pylon  
  20  2:11  Probe (Chrono Boost)  
  20  2:19  Probe  
  21  2:24  Cybernetics Core  
  21  2:27  Gateway  
  21  2:42  Pylon  
  21  2:44  Assimilator  
  21  2:46  Probe x2  
  23  3:00  Forge  
  25  3:08  Adept (Chrono Boost)  
  25  3:11  Probe x2  
  27  3:18  Mothership Core  
  27  3:29  Probe  
  27  3:40  Protoss Ground Weapons Level 1 (Chrono Boost)  
  26  3:41  Probe  
  26  3:53  Warp Gate (Chrono Boost)  
  26  3:55  Probe x2  
  28  4:02  Stalker x2  
  32  4:08  Probe x2  
  34  4:19  Robotics Facility  
  34  4:20  Probe x2, Pylon  
  36  4:32  Probe  
  36  4:33  Probe  
  38  4:57  Probe x2  
  40  5:03  Pylon  
  40  5:10  Observer  
  40  5:13  Pylon  
  41  5:23  Probe x2  
  43  5:30  Protoss Shields Level 1 (Chrono Boost)  
  43  5:36  Warp Prism  
  45  5:43  Probe x2  
  45  5:45  Assimilator  
  45  5:47  Assimilator  
  47  5:51  Adept x2  
  51  5:58  Probe  
  51  5:59  Probe  
  53  6:05  Pylon  
  53  6:08  Robotics Bay  
  53  6:18  Warp Prism  
  51  6:35  Probe x2  
  53  6:41  Adept  
  53  6:42  Adept  
  57  6:49  Twilight Council  
  57  6:55  Pylon  
  57  6:56  Probe x2  
  57  6:58  Gateway  
  57  7:01  Gateway  
  59  7:08  Disruptor (Chrono Boost)  
  62  7:09  Extended Thermal Lance (Chrono Boost)  
  62  7:10  Adept x2  
  62  7:14  Protoss Ground Armor Level 1 (Chrono Boost)  
  66  7:44  Nexus  
  66  7:46  Pylon  
  66  7:48  Pylon  
  69  7:53  Disruptor  
  69  8:03  Probe x2  
  71  8:11  Adept x4, Shield Upgrade  
  76  8:47  Adept x4  
  76  9:19  Probe x2  
  76  9:22  Assimilator  
  78  9:24  Protoss Ground Weapons Level 2 (Chrono Boost)  
  78  9:27  Colossus  
  78  9:30  Stalker  
  78  9:31  Stalker x2  
  90  9:36  Probe x2  
  92  9:52  Photon Cannon  
  92  10:20  Disruptor  
  60  10:43  Disruptor  
  60  10:57  Disruptor  
  60  11:12  Adept x4  
Show
View Real Time Build Order
Export as new Build Order

HeadBeagle Terran - Winner!

Build Orders:  

Get SALT Encoding   

  12  0:01  SCV  
  13  0:13  SCV  
  14  0:18  Supply Depot  
  14  0:25  SCV  
  15  0:31  Refinery  
  15  0:40  SCV  
  16  0:48  Barracks  
  16  0:53  SCV  
  17  1:02  Supply Depot  
  17  1:15  SCV  
  18  1:29  SCV  
  18  1:30  Barracks  
  19  1:41  SCV  
  20  1:59  Reaper  
  21  2:01  Orbital Command  
  21  2:11  Factory  
  21  2:31  Reaper  
  21  2:34  Barracks Tech Lab  
  22  2:38  SCV  
  22  2:42  Refinery  
  23  2:50  SCV  
  24  2:56  Factory Reactor  
  24  2:57  Command Center  
  24  3:02  SCV, Barracks  
  25  3:15  SCV  
  26  3:27  SCV  
  27  4:00  SCV  
  28  4:06  Starport x2  
  28  4:07  Barracks Reactor, Starport  
  28  4:11  Concussive Shells  
  28  4:12  SCV  
  28  4:15  Supply Depot, Marauder  
  31  4:18  Barracks Tech Lab  
  31  4:24  SCV  
  31  4:25  Orbital Command  
  31  4:28  Refinery  
  36  4:38  Marauder x2  
  36  4:39  Supply Depot  
  36  4:44  Stimpack  
  36  4:45  Marine x2  
  38  4:55  SCV  
  38  4:58  SCV  
  40  5:07  SCV  
  40  5:09  Refinery  
  40  5:10  SCV  
  42  5:15  Marauder x2  
  42  5:16  Marine  
  42  5:19  SCV  
  42  5:20  Medivac  
  50  5:22  SCV  
  50  5:26  Medivac  
  53  5:31  SCV  
  53  5:34  SCV  
  55  5:36  Marauder x2  
  55  5:39  Engineering Bay  
  55  5:40  Engineering Bay  
  55  5:42  Medivac  
  61  5:52  Marine  
  62  6:02  Supply Depot  
  62  6:04  Supply Depot  
  62  6:23  Marine  
  62  6:24  Marauder x2  
  67  6:39  SCV x2  
  69  6:42  Missile Turret  
  69  6:45  Missile Turret  
  69  6:48  Command Center  
  69  6:51  SCV  
  70  6:54  Factory  
  70  6:57  SCV, Factory  
  70  6:58  Marine x2  
  73  7:07  Missile Turret  
  73  7:09  Starport Tech Lab  
  73  7:10  Supply Depot  
  73  7:12  Starport Tech Lab  
  73  7:13  Starport Tech Lab  
  73  7:26  Marauder x2  
  73  7:27  Marine  
  78  7:31  Marine  
  78  7:35  Supply Depot  
  79  7:45  Marine  
  79  7:48  Factory Tech Lab, Marauder x2  
  79  7:49  Factory Tech Lab  
  84  7:58  Supply Depot  
  84  8:09  Marauder x2  
  88  8:16  Marine x2  
  87  8:30  Marauder  
  87  8:31  Marauder  
  85  8:34  Marine x2  
  85  8:38  Planetary Fortress  
  82  8:51  Marine  
  82  8:52  Cyclone, Marine x2, Marauder  
  82  8:53  Cyclone  
  90  9:24  Cyclone  
  90  9:29  Cyclone  
  96  9:34  Marauder  
  96  9:35  Marine x2  
  100  9:56  Cyclone  
  103  10:01  Cyclone  
  106  10:18  Marauder x2, Marine x2  
  106  10:35  Marine  
  106  10:36  Marine  
  106  10:38  Marine  
  106  10:39  Marauder  
  113  10:57  Marauder  
  113  11:01  Marauder  
Tags
 
Add a new tag
Caveats
  • Supply blocks, unpowered buildings, or Contaminate may cause inaccurate times.
  • Supply counts are checked every 10 seconds.